 Dungeon Sprint DCSS version 0.31-a0-38-g1548c4f2a5 (webtiles) character file.

Game seed: 2165921382075234640

4075 fozzywoppz the Unseen (level 10, -7/56 HPs)
             Began as a Spriggan Enchanter on May 16, 2023.
             Was a Priest of Sif Muna.
             Mangled by a demonic crawler (8 damage)
             ... in the Dungeon (Sprint I: "Red Sonja").
             The game lasted 00:06:52 (735 turns).

fozzywoppz the Unseen (Spriggan Enchanter)           Turns: 735, Time: 00:06:52

Health: -7/56      AC:  3    Str:  3 (6)  XL:     10   Next: 5%
Magic:  18/20      EV: 27    Int: 17 (18) God:    Sif Muna [***...]
Gold:   957        SH:  0    Dex: 16 (17) Spells: 6/17 levels left

rFire   . . .        c - +2 dagger (venom)
rCold   . . .        (no shield)
rNeg    . . .        b - +1 robe
rPois   .            (helmet restricted)
rElec   .            (no cloak)
rCorr   .            (gloves unavailable)
SInv    +            (boots unavailable)
Will    +....        (no amulet)
Stlth   ++++++       (no ring)
HPRegen 0.29/turn    (no ring)
MPRegen 0.17/turn

%: no teleportation
@: confusing by touch, very quick
A: very small, no large weapons, unfitting armour, see invisible, speed 3
a: Renounce Religion, Channel Magic, Forget Spell


You were in the Dungeon.
You worshipped Sif Muna.
Sif Muna was most pleased with you.
You visited 1 branch You collected 957 gold pieces.

Inventory:

Hand Weapons
 a - a +1 dagger
 c - a +2 dagger of venom (weapon)
Missiles
 k - 2 curare-tipped darts (quivered)
Armour
 b - a +1 robe (worn)
Wands
 h - a wand of roots (11)
Potions
 d - 4 potions of curing
 g - 2 potions of magic


   Skills:
 + Level 7.9 Fighting
 - Level 10.0 Short Blades
 + Level 15.2 Dodging
 + Level 15.3 Stealth
 - Level 4.0 Spellcasting
 + Level 1.3 Conjurations
 + Level 5.6 Hexes
 - Level 12.0 Invocations


You had 6 spell levels left.
You knew the following spells:

 Your Spells              Type           Power      Damage    Failure   Level
a - Ensorcelled Hibernat  Hex/Ice        26%        N/A       8%          2
b - Confusing Touch       Hex            22%        N/A       4%          3
c - Tukima's Dance        Hex            22%        N/A       4%          3
d - Dazzling Flash        Conj/Hex       30%        N/A       11%         3

Your spell library contained the following spells:

 Spells                   Type           Power      Damage    Failure   Level
 Vhi's Electric Charge    Tloc/Air       6%         N/A       43%         3
 Arcjolt                  Conj/Air       2%         1d12      97%         5
 Plasma Beam              Fire/Air       1%         2x1d12    100%        6


Dungeon Overview and Level Annotations

Branches:
Dungeon (1/1)

Altars:
Cheibriados
Dithmenos
Elyvilon
Fedhas
Gozag
Hepliaklqana
Kikubaaqudgha
Makhleb
Nemelex Xobeh
Okawaru
Qazlal
Ru
Sif Muna
Trog
Uskayaw
Vehumet
Wu Jian
Xom
Yredelemnul
Zin
The Shining One
Jiyva
Lugonu

Shops:
D :=


Innate Abilities, Weirdness & Mutations

You are very small and have problems with some larger weapons.
You are too small for most types of armour.
You have supernaturally acute eyesight. (SInv)
You cover ground extremely quickly. (Speed+++)


Message History

Your hands begin to glow red.
You open the door.
There is an open door, spattered with blood here.
You see here a +0 robe.
You strike the helpless demonic crawler from behind!
You hit the demonic crawler but do no damage.
The demonic crawler gives a hideous shriek! x3
The demonic crawler completely misses you. x2
The demonic crawler hits you!
There is an open door, spattered with blood here.
The demonic crawler hits you!! The demonic crawler misses you.
The demonic crawler completely misses you.
The demonic crawler misses you.
The demonic crawler completely misses you. x2
There is an open door, spattered with blood here.
You hit the demonic crawler but do no damage.
You barely miss the demonic crawler.
Okay, then.
As you read the scroll labelled MUCVUTS KORCH, it crumbles to dust.
It is a scroll of enchant armour.
Your +0 robe glows green for a moment.
The demonic crawler closely misses you. The demonic crawler barely misses you.
The demonic crawler hits you. The demonic crawler hits you!
* * * LOW HITPOINT WARNING * * *
The demonic crawler misses you.
The demonic crawler completely misses you.
You aren't carrying any scrolls.
It was a potion of degeneration.
There was something very wrong with that liquid.
You feel weakened.
You feel dopey.
You feel clumsy.
The demonic crawler completely misses you.
The demonic crawler misses you.
The demonic crawler completely misses you.
The demonic crawler barely misses you. The demonic crawler misses you.
The demonic crawler completely misses you.
The demonic crawler hits you!
* * * LOW HITPOINT WARNING * * *
The demonic crawler completely misses you.
The demonic crawler hits you!
You die...

######################
.)'..#.)'..#__#.sss..#
..#.)'..#..'..'.@#[..##+#
####'#####'#__####...s..#
###..#...#)####§[#####..+
__####..##)#~§§.§#..# +##
_____##'#_.'~§§§.'..#
_.∩...'.§._#§§§).#§§#
_..__##_.#'##'#####§#
_____###'#.#§...# #§+
########.####'### ###


You could see 3 demonic crawlers.

Vanquished Creatures
  2 centaur warriors (D)
  Sonja (D)
  A deep troll (D)
  An oklob plant (D)
  2 kobold demonologists (D)
  A hornet (D)
  Sigmund (D)
  A slime creature (D)
  A yak (D)
  A floating eye (D)
  An ogre (D)
  A jelly (D)
  Ijyb (D)
15 creatures vanquished.

Vanquished Creatures (others)
  2 ballistomycete spores (D)
2 creatures vanquished.

Grand Total: 17 creatures vanquished

Notes
Turn   | Place    | Note
-------+----------+-------------------------------------------
     0 | D        | fozzywoppz the Spriggan Enchanter began the quest for the
                  | Orb.
     0 | D        | Reached XP level 1. HP: 9/9 MP: 5/5
     1 | D        | Noticed Ijyb
    11 | D        | Killed Ijyb
    12 | D        | Reached XP level 2. HP: 11/13 MP: 6/8
    34 | D        | Learned a level 2 spell: Ensorcelled Hibernation
    34 | D        | Noticed an ogre
    37 | D        | Killed an ogre
    38 | D        | Reached skill level 10 in Stealth
    38 | D        | Reached skill level 5 in Hexes
    38 | D        | Reached XP level 3. HP: 16/16 MP: 9/9
    38 | D        | Reached XP level 4. HP: 21/21 MP: 11/11
    46 | D        | Noticed Sigmund
    49 | D        | Killed Sigmund
    50 | D        | Reached skill level 5 in Short Blades
    50 | D        | Reached skill level 10 in Dodging
    50 | D        | Reached XP level 5. HP: 24/24 MP: 12/12
    50 | D        | Reached XP level 6. HP: 28/28 MP: 13/13
    62 | D        | Found an ornate altar of the Wu Jian Council.
    62 | D        | Found a shimmering blue altar of Sif Muna.
    64 | D        | Found a radiant altar of Vehumet.
    74 | D        | Became a worshipper of Sif Muna the Loreminder
    92 | D        | Found Heanom's Jewellery Emporium.
    92 | D        | Found an ancient bone altar of Kikubaaqudgha.
    92 | D        | Found a hazy altar of Hepliaklqana.
    92 | D        | Found a stormy altar of Qazlal.
    92 | D        | Found a hide-covered altar of Uskayaw.
    92 | D        | Found a blossoming altar of Fedhas.
    92 | D        | Found a bloodstained altar of Trog.
    92 | D        | Found an iron altar of Okawaru.
    92 | D        | Found a basalt altar of Yredelemnul.
    92 | D        | Found a glowing golden altar of the Shining One.
    92 | D        | Found a snail-covered altar of Cheibriados.
    92 | D        | Found a sacrificial altar of Ru.
    92 | D        | Found a glowing silver altar of Zin.
    92 | D        | Found a shadowy altar of Dithmenos.
    92 | D        | Found a white marble altar of Elyvilon.
    92 | D        | Noticed a yak
    93 | D        | Found an opulent altar of Gozag.
    94 | D        | Killed a yak
    95 | D        | Found a sparkling altar of Nemelex Xobeh.
   120 | D        | Found a burning altar of Makhleb.
   120 | D        | Found a viscous altar of Jiyva.
   120 | D        | Found a shimmering altar of Xom.
   120 | D        | Found a corrupted altar of Lugonu.
   120 | D        | Noticed a slime creature
   123 | D        | Killed a slime creature
   124 | D        | Reached XP level 7. HP: 32/32 MP: 14/14
   149 | D        | Noticed Sonja
   153 | D        | Killed Sonja
   153 | D        | Reached * piety under Sif Muna
   154 | D        | Reached skill level 15 in Stealth
   154 | D        | Reached XP level 8. HP: 36/36 MP: 15/15
   173 | D        | Noticed a centaur warrior
   175 | D        | Noticed a centaur warrior
   180 | D        | Killed a centaur warrior
   181 | D        | Reached skill level 10 in Short Blades
   181 | D        | Reached skill level 15 in Dodging
   187 | D        | Killed a centaur warrior
   188 | D        | Reached XP level 9. HP: 19/39 MP: 6/18
   273 | D        | Found Lanutec's Book Boutique.
   293 | D        | Noticed a deep troll
   297 | D        | Killed a deep troll
   297 | D        | Reached ** piety under Sif Muna
   342 | D        | Noticed a kobold demonologist
   343 | D        | Noticed a kobold demonologist
   344 | D        | Paralysed by a floating eye for 3 turns
   351 | D        | Paralysed by a floating eye for 3 turns
   358 | D        | Reached skill level 5 in Fighting
   361 | D        | Noticed a rust devil
   362 | D        | Noticed a sun demon
   379 | D        | Killed a kobold demonologist
   380 | D        | Killed a kobold demonologist
   517 | D        | Noticed a demonic crawler
   517 | D        | Noticed a demonic crawler
   517 | D        | Noticed a demonic crawler
   517 | D        | Noticed a demonic crawler
   615 | D        | Reached *** piety under Sif Muna
   629 | D        | Learned a level 3 spell: Confusing Touch
   633 | D        | Learned a level 3 spell: Tukima's Dance
   637 | D        | Learned a level 3 spell: Dazzling Flash
   639 | D        | Noticed an oklob plant
   641 | D        | Killed an oklob plant
   642 | D        | Reached skill level 1 in Conjurations
   642 | D        | Reached XP level 10. HP: 56/56 MP: 20/20
   735 | D        | HP: 1/56 [demonic crawler (13)]
   735 | D        | Mangled by a demonic crawler

Illustrated notes

Levels and vault maps discovered:
D:        dungeon_sprint_1 [red_sonja_temple_1, red_sonja_temple_small_1]

Skill      XL: |  1  2  3  4  5  6  7  8  9 |
---------------+----------------------------+-----
Dodging        | 4 8 10 12 13 15 | 15.2
Stealth        | 6 10 12 14 15 | 15.3
Spellcasting   | 4 |  4.0
Hexes          | 4 5 |  5.6
Short Blades   | 5 7 9 10 | 10.0
Invocations    | 4 6 11 12 | 12.0
Fighting       | 7 |  7.9
Conjurations   | 1 |  1.3

Action                     |  1- 3 |  4- 6 |  7- 9 | 10-12 || total
---------------------------+-------+-------+-------+-------++-------
  Melee: Dagger            |     8 |     6 |    31 |     3 ||    48
   Cast: Ensorcelled Hiber |       |     1 |     5 |       ||     6
         Confusing Touch   |       |       |       |     1 ||     1
 Invoke: Channel Magic     |       |       |     1 |       ||     1
    Use: Potion            |     1 |       |     4 |     1 ||     6
         Scroll            |       |       |     1 |     1 ||     2
   Stab: Sleeping          |     2 |     4 |     6 |       ||    12
         Invisible         |       |       |     2 |       ||     2
         Distracted        |       |       |       |     1 ||     1
 Armour: Robe              |       |       |     3 |       ||     3
  Dodge: Dodged            |     4 |     2 |    39 |    18 ||    63

Table legend: (Time is in decaauts)
 A = Elapsed time spent in this place.
 B = Non-inter-level travel time spent in this place.
 C = Inter-level travel time spent in this place.
 D = Time resting spent in this place.
 E = Time spent auto-exploring this place.
 F = Levels seen in this place.
 G = Mean time per level.
                   A        B        C        D        E       F      G
               +--------+--------+--------+--------+--------+-----+--------+
         Total |    599 |    599 |      0 |    270 |      0 |   1 |  599.0 |
       Dungeon |    599 |    599 |      0 |    270 |      0 |   1 |  599.0 |
               +--------+--------+--------+--------+--------+-----+--------+

Top non-repeatable levels by time:
       D: 599 daAuts
